WCHLSIM.com - West Coast Hockey League
html PUBLIC "-//W3C//DTD XHTML 1.0 Transitional//EN" "http://www.w3.org/TR/xhtml1/DTD/xhtml1-transitional.dtd"> WCHL - Game 648 - SALEM BLACK JAYS vs RENO LIONS

SALEM BLACK JAYS vs RENO LIONS

Created - 17 février 2021 at 21:18

Goals
1 2 3 T
SALEM BLACK JAYS 2 0 4 6
RENO LIONS 1 0 0 1
Shots
1 2 3 T
SALEM BLACK JAYS 15 1 14 30
RENO LIONS 12 5 6 23

1st period

1. SALEM BLACK JAYS , Mikko Rantanen 24 (Dylan Larkin 28) at 0:06
2. SALEM BLACK JAYS , Mathew Barzal 28 (Mitchell Marner 25, Jason Demers 9) at 13:16
3. RENO LIONS , Blake Coleman 13 (Oscar Klefbom 25, William Karlsson 17) at 16:05

Penalties :
Casey Cizikas (SAL) for Interference (Minor) at 6:00, Cody Ceci (SAL) for Holding Stick (Minor) at 9:48

2nd period

No Goal

Penalties :
Mikko Rantanen (SAL) for Holding Stick (Minor) at 11:51

3rd period

4. SALEM BLACK JAYS , Dylan Larkin 22 (Mikko Rantanen 33) at 0:06
5. SALEM BLACK JAYS , Mikko Rantanen 25 (Mathew Barzal 32, Scott Mayfield 7) at 4:01 (PP)
6. SALEM BLACK JAYS , Dylan Larkin 23 (Mikko Rantanen 34) at 8:41
7. SALEM BLACK JAYS , Mikko Rantanen 26 (Dylan Larkin 29, Michal Kempny 7) at 15:38

Penalties :
Oliver Ekman-Larsson (REN) for Tripping (Minor) at 2:53, Scott Mayfield (SAL) for Roughing (Minor) at 11:01

Goalie Stats

Elvis Merzlikins (SAL), 22 saves from 23 shots - (0,957), W, 20-6-1, 60:00 minutes
Thomas Greiss (REN), 7 saves from 9 shots - (0,778), 15:59 minutes
Jaroslav Halak (REN), 17 saves from 21 shots - (0,810), L, 19-8-3, 44:01 minutes

Players Stats for SALEM BLACK JAYS

Player Name              G  A  P  +/- PIM S  H  SB GA TA FO     MP     PP MP  PK MP  
------------------------------------------------------------------------------------
Andreas Athanasiou       0  0  0   0  0   0  1  0  0  0  0/0     8:59   0:00   0:00 
Brandon Saad             0  0  0   0  0   2  1  0  0  0  3/3    20:55   0:39   3:06 
Casey Cizikas            0  0  0   0  2   0  1  0  0  0  8/15   14:40   0:00   3:33 
Cody Ceci                0  0  0   0  2   0  2  2  0  0  0/0    18:32   0:00   2:58 
Dylan Larkin             2  2  4   4  0   5  1  0  0  0  20/24  16:41   0:39   1:17 
Filip Chytil             0  0  0   0  0   2  0  0  0  0  6/13   10:59   0:00   3:06 
Jason Demers             0  1  1   1  0   0  0  1  0  0  0/0    22:28   0:39   2:22 
Josh Leivo               0  0  0   0  0   0  0  0  0  0  0/1    11:37   0:29   0:00 
Joshua Morrissey         0  0  0   1  0   0  0  1  0  0  0/0    17:47   0:39   0:34 
Martin Necas             0  0  0   0  0   0  0  1  0  0  0/0    11:08   0:00   0:00 
Mathew Barzal            1  1  2   0  0   3  1  0  0  0  14/20  17:39   0:29   0:00 
Matthew Calvert          0  0  0   4  0   1  4  0  0  0  1/1    19:35   0:00   4:50 
Michal Kempny            0  1  1   3  0   1  1  1  0  0  0/0    22:19   0:29   3:00 
Mikko Rantanen           3  2  5   4  2   13 0  0  0  0  0/0    15:13   0:29   0:00 
Mitchell Marner          0  1  1   0  0   2  0  0  0  0  0/1    17:49   0:39   0:00 
Nick Jensen              0  0  0   0  0   1  2  2  0  0  0/0    18:45   0:00   4:11 
Scott Mayfield           0  1  1   3  2   0  0  2  0  0  0/0    19:01   0:29   2:47 
Troy Terry               0  0  0   0  0   0  0  0  0  0  0/1     7:53   0:00   0:00 

Players Stats for RENO LIONS

Player Name              G  A  P  +/- PIM S  H  SB GA TA FO     MP     PP MP  PK MP  
------------------------------------------------------------------------------------
Anders Lee               0  0  0   0  0   3  0  0  0  0  0/2    20:02   3:19   0:00 
Blake Coleman            1  0  1   0  0   4  2  0  0  0  0/2    20:02   3:19   0:00 
Colton Sceviour          0  0  0  -3  0   1  0  0  0  0  0/0    12:10   0:00   0:20 
Elias Pettersson         0  0  0  -1  0   0  3  0  0  0  7/27   22:34   4:37   0:00 
Ethan Bear               0  0  0  -2  0   0  0  0  0  0  0/0    13:09   0:00   0:42 
Evgeny Dadonov           0  0  0  -1  0   3  1  0  0  0  0/1    22:34   4:37   0:00 
Jacob Trouba             0  0  0   0  0   1  4  0  0  0  0/0    23:15   3:18   0:26 
Jayce Hawryluk           0  0  0   0  0   0  1  0  0  0  0/5     4:26   0:00   0:00 
Leo Komarov              0  0  0  -3  0   0  1  0  0  0  0/1    12:13   0:00   0:23 
Melker Karlsson          0  0  0   0  0   0  0  0  0  0  0/0     5:11   0:00   0:45 
Oliver Ekman-Larsson     0  0  0  -2  2   0  5  0  0  0  0/0    22:19   3:22   0:00 
Oscar Klefbom            0  1  1   0  0   4  1  2  0  0  0/0    23:39   3:42   0:26 
Pierre-Luc Dubois        0  0  0  -1  0   0  4  0  0  0  1/1    22:34   4:37   0:00 
Robert Hagg              0  0  0  -2  0   1  4  0  0  0  0/0    13:23   0:56   0:00 
Ryan Pulock              0  0  0  -2  0   0  1  2  0  0  0/0    24:14   4:34   0:42 
Tomas Nosek              0  0  0  -3  0   1  1  0  0  0  8/17   12:13   0:00   0:23 
Vincent Hinostroza       0  0  0   0  0   0  0  0  0  0  0/2     4:51   0:00   0:25 
William Karlsson         0  1  1   0  0   5  0  0  0  0  11/21  20:02   3:19   0:00 

3 Stars

1 - Mikko Rantanen (SAL)
2 - Dylan Larkin (SAL)
3 - Mathew Barzal (SAL)

Power Play

SALEM BLACK JAYS - 1 on 1 Attempt(s) - 100,00%
RENO LIONS - 0 on 4 Attempt(s) - 0,00%

Penalty Kill

SALEM BLACK JAYS - 4 on 4 Attempt(s) - 100,00% - Score 0 goal in Penalty Kill
RENO LIONS - 0 on 1 Attempt(s) - 0,00% - Score 0 goal in Penalty Kill

Team Stat

SALEM BLACK JAYS - Hits : 14 - Faceoff Wins : 52 - Blocked Shots : 10 - Penalty Minutes : 8
RENO LIONS - Hits : 28 - Faceoff Wins : 27 - Blocked Shots : 4 - Penalty Minutes : 2

Official

Referees : Dean Morton and Michael Markovic
Linesman : Tyson Baker and Jesse Marquis

Game Notes

Thomas Greiss enters game at 4:01 of 3rd period
Joshua Morrissey is injured at 5:53 of 3rd period (Left Hip)
Mikko Rantanen has scored a Hat Trick!

Finance

Level 1 -- Attendance: 6666 (95,23%) -- Ticket Income 899 910 $
Level 2 -- Attendance: 5523 (92,05%) -- Ticket Income 469 455 $
Level 3 -- Attendance: 2542 (84,73%) -- Ticket Income 152 520 $
Level 4 -- Attendance: 4500 (90,00%) -- Ticket Income 180 000 $
Luxury Box -- Attendance: 953 (95,30%) -- Ticket Income 257 310 $
Game was played at the Lions Kingdom.
Total Attendance: 20184 (91,75%)
Total Ticket Income: 1 959 195 $
Other Expense: 19 592 $
Total Income: 1 939 603 $

SALEM BLACK JAYS

5 vs 5 Forward 
   Center                   Left Wing                Right Wing               Time % Phy DF OF 
 1 Mathew Barzal            Brandon Saad             Mitchell Marner          36     0   1  4  
 2 Dylan Larkin             Matthew Calvert          Mikko Rantanen           31     0   1  4  
 3 Casey Cizikas            Josh Leivo               Martin Necas             23     1   2  2  
 4 Filip Chytil             Andreas Athanasiou       Troy Terry               10     1   2  2  

5 vs 5 Defense 
   Defense                  Defense                                           Time % Phy DF OF 
 1 Joshua Morrissey         Jason Demers                                      36     0   4  1  
 2 Scott Mayfield           Michal Kempny                                     31     0   4  1  
 3 Cody Ceci                Nick Jensen                                       23     0   4  1  
 4 Joshua Morrissey         Michal Kempny                                     10     0   3  2  

PowerPlay Forward 
   Center                   Left Wing                Right Wing               Time % Phy DF OF 
 1 Mathew Barzal            Josh Leivo               Mikko Rantanen           55     0   1  4  
 2 Dylan Larkin             Brandon Saad             Mitchell Marner          45     0   1  4  

PowerPlay Defense
   Defense                  Defense                                           Time % Phy DF OF 
 1 Joshua Morrissey         Jason Demers                                      55     0   0  5  
 2 Scott Mayfield           Michal Kempny                                     45     0   0  5  

Penalty Kill 4 Players Forward 
   Center                   Wing                     Time % Phy DF OF 
 1 Casey Cizikas            Matthew Calvert          55     1   3  1  
 2 Filip Chytil             Brandon Saad             45     1   3  1  

Penalty Kill 4 Players Defense
   Defense                  Defense                  Time % Phy DF OF 
 1 Cody Ceci                Nick Jensen              55     1   2  2  
 2 Scott Mayfield           Nick Jensen              45     1   2  2  

Penalty Kill - 3 Players Forward 
   Forward                                           Time % Phy DF OF 
 1 Matthew Calvert                                   55     1   3  1  
 2 Casey Cizikas                                     45     1   3  1  

Penalty Kill - 3 Players Defense
   Defense                  Defense                  Time % Phy DF OF 
 1 Scott Mayfield           Nick Jensen              55     1   2  2  
 2 Cody Ceci                Jason Demers             45     1   2  2  

4 vs 4 Forward 
   Center                   Wing                     Time % Phy DF OF 
 1 Dylan Larkin             Mitchell Marner          55     1   2  2  
 2 Mathew Barzal            Mikko Rantanen           45     1   2  2  

4 vs 4 Defense
   Defense                  Defense                  Time % Phy DF OF 
 1 Jason Demers             Joshua Morrissey         55     1   2  2  
 2 Michal Kempny            Scott Mayfield           45     1   2  2  

Last Minutes Offensive
   Center                   Left Wing                Right Wing               Defense                  Defense                  
   Mathew Barzal            Brandon Saad             Mitchell Marner          Jason Demers             Joshua Morrissey         

Last Minutes Defensive
   Center                   Left Wing                Right Wing               Defense                  Defense                  
   Mathew Barzal            Brandon Saad             Mitchell Marner          Jason Demers             Joshua Morrissey         

Goaltenders
Starting : Elvis Merzlikins         
Backup : Juuse Saros              

Extra Forwards
Normal : Dylan Larkin, Martin Necas, Filip Chytil - PP : Mathew Barzal, Filip Chytil - PK : Matthew Calvert
Extra Defensemen
Normal : Nick Jensen, Michal Kempny, Cody Ceci - PP : Nick Jensen - PK : Michal Kempny, Cody Ceci
Penalty Shots
Mikko Rantanen, Mitchell Marner, Mathew Barzal, Dylan Larkin, Brandon Saad
Custom OT Lines Forwards
Mathew Barzal, Dylan Larkin, Mitchell Marner, Mikko Rantanen, Brandon Saad, Josh Leivo, Matthew Calvert, Martin Necas, Filip Chytil, Casey Cizikas
Custom OT Lines Defensemen
Cody Ceci, Joshua Morrissey, Jason Demers, Scott Mayfield, Nick Jensen

Scratches
Matthew Highmore (Healthy), Par Lindholm (Healthy), Scott Harrington (Healthy), Travis Dermott (Healthy)

RENO LIONS

5 vs 5 Forward 
   Center                   Left Wing                Right Wing               Time % Phy DF OF 
 1 Elias Pettersson         Pierre-Luc Dubois        Evgeny Dadonov           33     0   2  3  
 2 William Karlsson         Anders Lee               Blake Coleman            33     0   2  3  
 3 Tomas Nosek              Colton Sceviour          Leo Komarov              24     2   2  1  
 4 Jayce Hawryluk           Melker Karlsson          Vincent Hinostroza       10     2   3  0  

5 vs 5 Defense 
   Defense                  Defense                                           Time % Phy DF OF 
 1 Oscar Klefbom            Jacob Trouba                                      36     1   2  2  
 2 Oliver Ekman-Larsson     Ryan Pulock                                       36     1   2  2  
 3 Robert Hagg              Ethan Bear                                        23     1   2  2  
 4 Oscar Klefbom            Jacob Trouba                                      5      1   2  2  

PowerPlay Forward 
   Center                   Left Wing                Right Wing               Time % Phy DF OF 
 1 Elias Pettersson         Pierre-Luc Dubois        Evgeny Dadonov           55     1   0  4  
 2 William Karlsson         Anders Lee               Blake Coleman            45     1   0  4  

PowerPlay Defense
   Defense                  Defense                                           Time % Phy DF OF 
 1 Oscar Klefbom            Ryan Pulock                                       55     0   1  4  
 2 Oliver Ekman-Larsson     Jacob Trouba                                      45     0   1  4  

Penalty Kill 4 Players Forward 
   Center                   Wing                     Time % Phy DF OF 
 1 Colton Sceviour          Melker Karlsson          55     1   3  1  
 2 Tomas Nosek              Leo Komarov              45     1   3  1  

Penalty Kill 4 Players Defense
   Defense                  Defense                  Time % Phy DF OF 
 1 Oscar Klefbom            Jacob Trouba             55     1   3  1  
 2 Ethan Bear               Ryan Pulock              45     1   3  1  

Penalty Kill - 3 Players Forward 
   Forward                                           Time % Phy DF OF 
 1 William Karlsson                                  55     0   5  0  
 2 Elias Pettersson                                  45     0   5  0  

Penalty Kill - 3 Players Defense
   Defense                  Defense                  Time % Phy DF OF 
 1 Ethan Bear               Jacob Trouba             55     0   5  0  
 2 Oscar Klefbom            Robert Hagg              45     0   5  0  

4 vs 4 Forward 
   Center                   Wing                     Time % Phy DF OF 
 1 Pierre-Luc Dubois        Evgeny Dadonov           60     1   2  2  
 2 Jayce Hawryluk           Vincent Hinostroza       40     1   2  2  

4 vs 4 Defense
   Defense                  Defense                  Time % Phy DF OF 
 1 Ethan Bear               Robert Hagg              60     1   2  2  
 2 Oliver Ekman-Larsson     Oscar Klefbom            40     1   2  2  

Last Minutes Offensive
   Center                   Left Wing                Right Wing               Defense                  Defense                  
   Elias Pettersson         Pierre-Luc Dubois        Evgeny Dadonov           Oscar Klefbom            Ryan Pulock              

Last Minutes Defensive
   Center                   Left Wing                Right Wing               Defense                  Defense                  
   William Karlsson         Blake Coleman            Colton Sceviour          Oscar Klefbom            Jacob Trouba             

Goaltenders
Starting : Jaroslav Halak           
Backup : Thomas Greiss            

Extra Forwards
Normal : Anders Lee, Blake Coleman, Colton Sceviour - PP : Vincent Hinostroza, Leo Komarov - PK : Melker Karlsson
Extra Defensemen
Normal : Jacob Trouba, Oliver Ekman-Larsson, Ryan Pulock - PP : Robert Hagg - PK : Ethan Bear, Ryan Pulock
Penalty Shots
Elias Pettersson, Pierre-Luc Dubois, Evgeny Dadonov, William Karlsson, Anders Lee
Custom OT Lines Forwards
Elias Pettersson, William Karlsson, Evgeny Dadonov, Pierre-Luc Dubois, Anders Lee, Blake Coleman, Colton Sceviour, Leo Komarov, Tomas Nosek, Melker Karlsson
Custom OT Lines Defensemen
Oscar Klefbom, Jacob Trouba, Oliver Ekman-Larsson, Ryan Pulock, Ethan Bear

Scratches
Cam Atkinson (Bruised Left Arm Injury)

% Time on Ice - SALEM BLACK JAYS

Lines # - Real PCT - Wanted PCT - Time Play
Normal Forward
1 - 34% - 36% - 17:10
2 - 29% - 31% - 14:45
3 - 22% - 23% - 11:08
4 - 15% - 10% - 7:53
Normal Defense
1 - 38% - 36% - 19:27
2 - 31% - 31% - 15:46
3 - 23% - 23% - 11:33
4 - 8% - 10% - 4:10
PP Forward
1 - 43% - 55% - 0:29
2 - 57% - 45% - 0:39
PP Defense
1 - 57% - 55% - 0:39
2 - 43% - 45% - 0:29
PK Forward
1 - 61% - 55% - 4:50
2 - 39% - 45% - 3:06
PK Defense
1 - 53% - 55% - 4:10
2 - 47% - 45% - 3:46
PK3 Forward
1 - 0% - 55%
2 - 0% - 45%
PK3 Defense
1 - 0% - 55%
2 - 0% - 45%
44 Forward
1 - 0% - 55%
2 - 0% - 45%
44 Defense
1 - 0% - 55%
2 - 0% - 45%
Last Minute Offensive  - 0:00
Last Minute Defensive  - 0:00
Total
Forward - 60:00
Defense - 60:00

% Time on Ice - RENO LIONS

Lines # - Real PCT - Wanted PCT - Time Play
Normal Forward
1 - 35% - 33% - 17:57
2 - 33% - 33% - 16:43
3 - 23% - 24% - 11:50
4 - 9% - 10% - 4:26
Normal Defense
1 - 35% - 36% - 17:43
2 - 37% - 36% - 18:58
3 - 24% - 23% - 12:27
4 - 4% - 5% - 1:48
PP Forward
1 - 58% - 55% - 4:37
2 - 42% - 45% - 3:19
PP Defense
1 - 58% - 55% - 4:34
2 - 42% - 45% - 3:22
PK Forward
1 - 66% - 55% - 0:45
2 - 34% - 45% - 0:23
PK Defense
1 - 38% - 55% - 0:26
2 - 62% - 45% - 0:42
PK3 Forward
1 - 0% - 55%
2 - 0% - 45%
PK3 Defense
1 - 0% - 55%
2 - 0% - 45%
44 Forward
1 - 0% - 60%
2 - 0% - 40%
44 Defense
1 - 0% - 60%
2 - 0% - 40%
Last Minute Offensive  - 0:00
Last Minute Defensive  - 0:00
Total
Forward - 60:00
Defense - 60:00

Play-by-Play

1st period


0:01 of 1st period - Mathew Barzal wins face-off versus Evgeny Dadonov in neutral zone.
0:04 of 1st period - Shot by Mathew Barzal.
0:04 of 1st period - Stopped by Jaroslav Halak without a rebound.
0:05 of 1st period - Dylan Larkin wins face-off versus William Karlsson in RENO LIONS zone.
0:06 of 1st period - Shot by Mikko Rantanen.
0:06 of 1st period - Goal by Mikko Rantanen - SALEM BLACK JAYS : 1 - RENO LIONS : 0.
0:07 of 1st period - Tomas Nosek wins face-off versus Josh Leivo in neutral zone.
0:41 of 1st period - Shot by Colton Sceviour.
0:41 of 1st period - Shot Blocked by Martin Necas.
1:15 of 1st period - Shot by Anders Lee.
1:15 of 1st period - Stopped by Elvis Merzlikins without a rebound.
1:16 of 1st period - Mathew Barzal wins face-off versus Elias Pettersson in SALEM BLACK JAYS zone.
1:16 of 1st period - Mathew Barzal is hit by Pierre-Luc Dubois.
1:24 of 1st period - Shot by Mitchell Marner.
1:24 of 1st period - Shot Misses the Net.
1:28 of 1st period - Shot by Mitchell Marner.
1:28 of 1st period - Stopped by Jaroslav Halak without a rebound.
1:29 of 1st period - Dylan Larkin wins face-off versus Jayce Hawryluk in RENO LIONS zone.
1:41 of 1st period - Icing by Melker Karlsson.
1:42 of 1st period - Mathew Barzal wins face-off versus Jayce Hawryluk in RENO LIONS zone.
2:10 of 1st period - Mitchell Marner is hit by Jacob Trouba and loses puck.
2:19 of 1st period - Shot by Mathew Barzal.
2:19 of 1st period - Stopped by Jaroslav Halak without a rebound.
2:20 of 1st period - Dylan Larkin wins face-off versus Elias Pettersson in RENO LIONS zone.
2:25 of 1st period - Shot by Dylan Larkin.
2:25 of 1st period - Stopped by Jaroslav Halak with a rebound.
2:33 of 1st period - Shot by Dylan Larkin.
2:33 of 1st period - Stopped by Jaroslav Halak without a rebound.
2:34 of 1st period - William Karlsson wins face-off versus Filip Chytil in RENO LIONS zone.
2:34 of 1st period - William Karlsson is hit by Andreas Athanasiou.
2:37 of 1st period - Icing by Anders Lee.
2:38 of 1st period - Dylan Larkin wins face-off versus William Karlsson in RENO LIONS zone.
2:57 of 1st period - Mikko Rantanen is hit by Blake Coleman and loses puck.
3:02 of 1st period - Shot by Anders Lee.
3:02 of 1st period - Stopped by Elvis Merzlikins with a rebound.
3:53 of 1st period - Icing by Joshua Morrissey.
3:54 of 1st period - Mathew Barzal wins face-off versus Tomas Nosek in SALEM BLACK JAYS zone.
3:54 of 1st period - Mathew Barzal is hit by Tomas Nosek.
4:03 of 1st period - Mitchell Marner is hit by Robert Hagg and loses puck.
4:42 of 1st period - Mitchell Marner is hit by Robert Hagg.
5:07 of 1st period - Troy Terry is hit by Jacob Trouba and loses puck.
5:22 of 1st period - Shot by Troy Terry.
5:22 of 1st period - Shot Misses the Net.
5:24 of 1st period - Shot by Nick Jensen.
5:24 of 1st period - Shot Misses the Net.
5:26 of 1st period - Shot by Nick Jensen.
5:26 of 1st period - Shot Blocked by Oscar Klefbom.
5:28 of 1st period - Shot by Nick Jensen.
5:28 of 1st period - Stopped by Jaroslav Halak with a rebound.
5:37 of 1st period - Off-side.
5:38 of 1st period - William Karlsson wins face-off versus Casey Cizikas in neutral zone.
5:57 of 1st period - Shot by William Karlsson.
5:57 of 1st period - Shot Misses the Net.
6:00 of 1st period - Minor Penalty to Casey Cizikas for Interference.
6:01 of 1st period - Dylan Larkin wins face-off versus Elias Pettersson in SALEM BLACK JAYS zone.
6:44 of 1st period - Shot by Oscar Klefbom.
6:44 of 1st period - Stopped by Elvis Merzlikins without a rebound.
6:45 of 1st period - William Karlsson wins face-off versus Filip Chytil in SALEM BLACK JAYS zone.
7:02 of 1st period - Shot by William Karlsson.
7:02 of 1st period - Stopped by Elvis Merzlikins without a rebound.
7:03 of 1st period - Dylan Larkin wins face-off versus Blake Coleman in SALEM BLACK JAYS zone.
7:18 of 1st period - Icing by William Karlsson.
7:19 of 1st period - William Karlsson wins face-off versus Filip Chytil in RENO LIONS zone.
7:28 of 1st period - Shot by William Karlsson.
7:28 of 1st period - Shot Misses the Net.
7:30 of 1st period - Shot by Jacob Trouba.
7:30 of 1st period - Stopped by Elvis Merzlikins without a rebound.
7:31 of 1st period - Elias Pettersson wins face-off versus Dylan Larkin in SALEM BLACK JAYS zone.
8:24 of 1st period - Shot by William Karlsson.
8:24 of 1st period - Stopped by Elvis Merzlikins with a rebound.
8:26 of 1st period - Shot by Blake Coleman.
8:26 of 1st period - Stopped by Elvis Merzlikins without a rebound.
8:27 of 1st period - Mathew Barzal wins face-off versus Tomas Nosek in SALEM BLACK JAYS zone.
8:34 of 1st period - Shot by Brandon Saad.
8:34 of 1st period - Stopped by Jaroslav Halak without a rebound.
8:35 of 1st period - Elias Pettersson wins face-off versus Dylan Larkin in RENO LIONS zone.
8:35 of 1st period - Elias Pettersson is hit by Matthew Calvert.
9:12 of 1st period - Shot by Mikko Rantanen.
9:12 of 1st period - Stopped by Jaroslav Halak without a rebound.
9:13 of 1st period - Brandon Saad wins face-off versus William Karlsson in RENO LIONS zone.
9:34 of 1st period - Blake Coleman is hit by Nick Jensen and loses puck.
9:48 of 1st period - Minor Penalty to Cody Ceci for Holding Stick.
9:49 of 1st period - Casey Cizikas wins face-off versus Elias Pettersson in SALEM BLACK JAYS zone.
10:19 of 1st period - Shot by Oscar Klefbom.
10:19 of 1st period - Stopped by Elvis Merzlikins without a rebound.
10:20 of 1st period - William Karlsson wins face-off versus Casey Cizikas in SALEM BLACK JAYS zone.
10:26 of 1st period - William Karlsson is hit by Michal Kempny and loses puck.
10:57 of 1st period - Shot by Anders Lee.
10:57 of 1st period - Shot Blocked by Michal Kempny.
10:59 of 1st period - Shot by William Karlsson.
10:59 of 1st period - Shot Misses the Net.
11:01 of 1st period - Shot by William Karlsson.
11:01 of 1st period - Stopped by Elvis Merzlikins without a rebound.
11:02 of 1st period - Elias Pettersson wins face-off versus Filip Chytil in SALEM BLACK JAYS zone.
11:13 of 1st period - Shot by Evgeny Dadonov.
11:13 of 1st period - Stopped by Elvis Merzlikins without a rebound.
11:14 of 1st period - Filip Chytil wins face-off versus Elias Pettersson in SALEM BLACK JAYS zone.
12:28 of 1st period - Off-side.
12:29 of 1st period - Tomas Nosek wins face-off versus Mathew Barzal in neutral zone.
13:04 of 1st period - Shot by Mathew Barzal.
13:04 of 1st period - Shot Misses the Net.
13:16 of 1st period - Shot by Mathew Barzal.
13:16 of 1st period - Goal by Mathew Barzal - SALEM BLACK JAYS : 2 - RENO LIONS : 0.
13:17 of 1st period - Dylan Larkin wins face-off versus Elias Pettersson in neutral zone.
13:17 of 1st period - Mikko Rantanen is hit by Evgeny Dadonov.
13:20 of 1st period - Icing by Evgeny Dadonov.
13:21 of 1st period - Dylan Larkin wins face-off versus Elias Pettersson in RENO LIONS zone.
13:22 of 1st period - Shot by Mikko Rantanen.
13:22 of 1st period - Stopped by Jaroslav Halak without a rebound.
13:23 of 1st period - Dylan Larkin wins face-off versus Elias Pettersson in RENO LIONS zone.
13:23 of 1st period - Mikko Rantanen is hit by Oliver Ekman-Larsson.
13:38 of 1st period - Shot by Dylan Larkin.
13:38 of 1st period - Deflect By Mikko Rantanen.
13:38 of 1st period - Stopped by Jaroslav Halak without a rebound.
13:39 of 1st period - Brandon Saad wins face-off versus Anders Lee in RENO LIONS zone.
13:39 of 1st period - Brandon Saad is hit by Jacob Trouba.
14:04 of 1st period - Shot by Blake Coleman.
14:04 of 1st period - Stopped by Elvis Merzlikins without a rebound.
14:05 of 1st period - Dylan Larkin wins face-off versus Elias Pettersson in SALEM BLACK JAYS zone.
14:05 of 1st period - Dylan Larkin is hit by Pierre-Luc Dubois.
14:11 of 1st period - Elias Pettersson is hit by Matthew Calvert and loses puck.
14:22 of 1st period - Mikko Rantanen is hit by Oliver Ekman-Larsson and loses puck.
15:08 of 1st period - Shot by Mathew Barzal.
15:08 of 1st period - Shot Misses the Net.
16:03 of 1st period - Shot by Blake Coleman.
16:03 of 1st period - Shot Misses the Net.
16:05 of 1st period - Shot by Blake Coleman.
16:05 of 1st period - Goal by Blake Coleman - SALEM BLACK JAYS : 2 - RENO LIONS : 1.
16:06 of 1st period - Tomas Nosek wins face-off versus Casey Cizikas in neutral zone.
16:10 of 1st period - Off-side.
16:11 of 1st period - Dylan Larkin wins face-off versus Tomas Nosek in neutral zone.
16:35 of 1st period - Shot by Mikko Rantanen.
16:35 of 1st period - Stopped by Jaroslav Halak without a rebound.
16:36 of 1st period - Casey Cizikas wins face-off versus Blake Coleman in RENO LIONS zone.
16:56 of 1st period - Shot by Robert Hagg.
16:56 of 1st period - Shot Blocked by Cody Ceci.
17:52 of 1st period - Icing by Nick Jensen.
17:53 of 1st period - Casey Cizikas wins face-off versus Elias Pettersson in SALEM BLACK JAYS zone.
17:53 of 1st period - Casey Cizikas is hit by Pierre-Luc Dubois.
18:05 of 1st period - Josh Leivo is hit by Oliver Ekman-Larsson and loses puck.
19:17 of 1st period - Shot by Mathew Barzal.
19:17 of 1st period - Shot Misses the Net.
19:19 of 1st period - Shot by Michal Kempny.
19:19 of 1st period - Stopped by Jaroslav Halak without a rebound.
19:20 of 1st period - Filip Chytil wins face-off versus Jayce Hawryluk in RENO LIONS zone.
19:33 of 1st period - Shot by Filip Chytil.
19:33 of 1st period - Stopped by Jaroslav Halak without a rebound.
19:34 of 1st period - Mathew Barzal wins face-off versus William Karlsson in RENO LIONS zone.
19:39 of 1st period - Shot by Mathew Barzal.
19:39 of 1st period - Shot Misses the Net.
Goals for this period are 2 for SALEM BLACK JAYS vs 1 for RENO LIONS.
Shots for this period are 15 for SALEM BLACK JAYS vs 12 for RENO LIONS.

2nd period


0:01 of 2nd period - Dylan Larkin wins face-off versus Leo Komarov in neutral zone.
0:15 of 2nd period - Icing by Dylan Larkin.
0:16 of 2nd period - Dylan Larkin wins face-off versus Elias Pettersson in SALEM BLACK JAYS zone.
0:24 of 2nd period - Off-side.
0:25 of 2nd period - Tomas Nosek wins face-off versus Mathew Barzal in neutral zone.
1:01 of 2nd period - Mathew Barzal is hit by Jacob Trouba and loses puck.
1:51 of 2nd period - Matthew Calvert is hit by Oliver Ekman-Larsson and loses puck.
2:29 of 2nd period - Icing by Nick Jensen.
2:30 of 2nd period - Elias Pettersson wins face-off versus Troy Terry in SALEM BLACK JAYS zone.
2:31 of 2nd period - Shot by Pierre-Luc Dubois.
2:31 of 2nd period - Shot Misses the Net.
2:51 of 2nd period - Shot by Evgeny Dadonov.
2:51 of 2nd period - Shot Blocked by Nick Jensen.
3:08 of 2nd period - Icing by Nick Jensen.
3:09 of 2nd period - Filip Chytil wins face-off versus Vincent Hinostroza in SALEM BLACK JAYS zone.
3:46 of 2nd period - Shot by Oscar Klefbom.
3:46 of 2nd period - Shot Blocked by Nick Jensen.
3:48 of 2nd period - Shot by Oscar Klefbom.
3:48 of 2nd period - Stopped by Elvis Merzlikins with a rebound.
4:17 of 2nd period - Shot by William Karlsson.
4:17 of 2nd period - Stopped by Elvis Merzlikins without a rebound.
4:18 of 2nd period - Mathew Barzal wins face-off versus Elias Pettersson in SALEM BLACK JAYS zone.
4:18 of 2nd period - Mathew Barzal is hit by Elias Pettersson.
4:40 of 2nd period - Robert Hagg is hit by Mathew Barzal and loses puck.
5:36 of 2nd period - Shot by Mikko Rantanen.
5:36 of 2nd period - Stopped by Jaroslav Halak without a rebound.
5:37 of 2nd period - William Karlsson wins face-off versus Casey Cizikas in RENO LIONS zone.
5:50 of 2nd period - Shot by William Karlsson.
5:50 of 2nd period - Shot Misses the Net.
5:52 of 2nd period - Shot by Jacob Trouba.
5:52 of 2nd period - Shot Misses the Net.
6:06 of 2nd period - Icing by Michal Kempny.
6:07 of 2nd period - Casey Cizikas wins face-off versus Tomas Nosek in SALEM BLACK JAYS zone.
6:35 of 2nd period - Icing by Tomas Nosek.
6:36 of 2nd period - Tomas Nosek wins face-off versus Mitchell Marner in RENO LIONS zone.
6:36 of 2nd period - Tomas Nosek is hit by Brandon Saad.
6:48 of 2nd period - Shot by Colton Sceviour.
6:48 of 2nd period - Stopped by Elvis Merzlikins with a rebound.
7:18 of 2nd period - Mathew Barzal is hit by Oliver Ekman-Larsson and loses puck.
7:21 of 2nd period - Shot by Brandon Saad.
7:21 of 2nd period - Shot Misses the Net.
7:44 of 2nd period - Elias Pettersson is hit by Nick Jensen and loses puck.
8:04 of 2nd period - Elias Pettersson is hit by Cody Ceci.
8:11 of 2nd period - Evgeny Dadonov is hit by Cody Ceci and loses puck.
9:00 of 2nd period - Shot by Blake Coleman.
9:00 of 2nd period - Deflect By William Karlsson.
9:00 of 2nd period - Shot Misses the Net.
9:02 of 2nd period - Shot by Robert Hagg.
9:02 of 2nd period - Stopped by Elvis Merzlikins without a rebound.
9:03 of 2nd period - Brandon Saad wins face-off versus Jayce Hawryluk in SALEM BLACK JAYS zone.
9:48 of 2nd period - Shot by Mitchell Marner.
9:48 of 2nd period - Shot Misses the Net.
9:50 of 2nd period - Shot by Jason Demers.
9:50 of 2nd period - Shot Misses the Net.
11:51 of 2nd period - Minor Penalty to Mikko Rantanen for Holding Stick.
11:52 of 2nd period - Casey Cizikas wins face-off versus Elias Pettersson in SALEM BLACK JAYS zone.
12:01 of 2nd period - Shot by Pierre-Luc Dubois.
12:01 of 2nd period - Shot Misses the Net.
13:12 of 2nd period - Icing by Jacob Trouba.
13:13 of 2nd period - William Karlsson wins face-off versus Casey Cizikas in RENO LIONS zone.
13:38 of 2nd period - Shot by Anders Lee.
13:38 of 2nd period - Shot Misses the Net.
14:44 of 2nd period - Icing by Ethan Bear.
14:45 of 2nd period - Filip Chytil wins face-off versus Tomas Nosek in RENO LIONS zone.
14:46 of 2nd period - Shot by Troy Terry.
14:46 of 2nd period - Shot Misses the Net.
14:53 of 2nd period - Icing by Ethan Bear.
14:54 of 2nd period - Tomas Nosek wins face-off versus Filip Chytil in RENO LIONS zone.
15:00 of 2nd period - Off-side.
15:01 of 2nd period - Dylan Larkin wins face-off versus Elias Pettersson in neutral zone.
15:04 of 2nd period - Pierre-Luc Dubois is hit by Matthew Calvert and loses puck.
15:40 of 2nd period - Shot by Pierre-Luc Dubois.
15:40 of 2nd period - Deflect By Evgeny Dadonov.
15:40 of 2nd period - Shot Blocked by Scott Mayfield.
16:42 of 2nd period - Shot by Anders Lee.
16:42 of 2nd period - Stopped by Elvis Merzlikins without a rebound.
16:43 of 2nd period - Mathew Barzal wins face-off versus Jayce Hawryluk in SALEM BLACK JAYS zone.
16:43 of 2nd period - Mathew Barzal is hit by Jayce Hawryluk.
17:18 of 2nd period - Mathew Barzal is hit by Robert Hagg and loses puck.
17:39 of 2nd period - Mitchell Marner is hit by Elias Pettersson and loses puck.
18:38 of 2nd period - Icing by Casey Cizikas.
18:39 of 2nd period - Tomas Nosek wins face-off versus Casey Cizikas in SALEM BLACK JAYS zone.
19:07 of 2nd period - Martin Necas is hit by Oscar Klefbom.
19:59 of 2nd period - Troy Terry is hit by Robert Hagg and loses puck.
Goals for this period are 0 for SALEM BLACK JAYS vs 0 for RENO LIONS.
Shots for this period are 1 for SALEM BLACK JAYS vs 5 for RENO LIONS.

3rd period


0:01 of 3rd period - Dylan Larkin wins face-off versus Elias Pettersson in neutral zone.
0:06 of 3rd period - Shot by Dylan Larkin.
0:06 of 3rd period - Goal by Dylan Larkin - SALEM BLACK JAYS : 3 - RENO LIONS : 1.
0:07 of 3rd period - Elias Pettersson wins face-off versus Dylan Larkin in neutral zone.
0:07 of 3rd period - Oscar Klefbom is hit by Dylan Larkin and loses puck.
0:14 of 3rd period - Shot by Mikko Rantanen.
0:14 of 3rd period - Stopped by Jaroslav Halak without a rebound.
0:15 of 3rd period - William Karlsson wins face-off versus Dylan Larkin in RENO LIONS zone.
0:57 of 3rd period - Shot by Mikko Rantanen.
0:57 of 3rd period - Stopped by Jaroslav Halak without a rebound.
0:58 of 3rd period - Mathew Barzal wins face-off versus Elias Pettersson in RENO LIONS zone.
1:01 of 3rd period - Shot by Mitchell Marner.
1:01 of 3rd period - Shot Misses the Net.
1:24 of 3rd period - Shot by Brandon Saad.
1:24 of 3rd period - Shot Blocked by Oscar Klefbom.
2:53 of 3rd period - Minor Penalty to Oliver Ekman-Larsson for Tripping.
2:54 of 3rd period - Dylan Larkin wins face-off versus Vincent Hinostroza in RENO LIONS zone.
3:32 of 3rd period - Shot by Mitchell Marner.
3:32 of 3rd period - Stopped by Jaroslav Halak without a rebound.
3:33 of 3rd period - Tomas Nosek wins face-off versus Mathew Barzal in RENO LIONS zone.
4:01 of 3rd period - Shot by Mikko Rantanen.
4:01 of 3rd period - Goal by Mikko Rantanen - SALEM BLACK JAYS : 4 - RENO LIONS : 1.
4:01 of 3rd period - Thomas Greiss enters game.
4:02 of 3rd period - Filip Chytil wins face-off versus William Karlsson in neutral zone.
4:07 of 3rd period - Shot by Filip Chytil.
4:07 of 3rd period - Stopped by Thomas Greiss without a rebound.
4:08 of 3rd period - Filip Chytil wins face-off versus William Karlsson in RENO LIONS zone.
4:32 of 3rd period - Shot by Troy Terry.
4:32 of 3rd period - Shot Misses the Net.
5:19 of 3rd period - Shot by Evgeny Dadonov.
5:19 of 3rd period - Stopped by Elvis Merzlikins with a rebound.
5:23 of 3rd period - Shot by Evgeny Dadonov.
5:23 of 3rd period - Shot Blocked by Joshua Morrissey.
5:25 of 3rd period - Shot by Elias Pettersson.
5:25 of 3rd period - Shot Misses the Net.
5:52 of 3rd period - Joshua Morrissey is hit by Pierre-Luc Dubois and loses puck.
5:53 of 3rd period - Joshua Morrissey from SALEM BLACK JAYS is injured at 5:53 of 3rd period (Left Hip).
5:54 of 3rd period - Dylan Larkin wins face-off versus Tomas Nosek in SALEM BLACK JAYS zone.
6:09 of 3rd period - Shot by Dylan Larkin.
6:09 of 3rd period - Deflect By Mikko Rantanen.
6:09 of 3rd period - Stopped by Thomas Greiss without a rebound.
6:10 of 3rd period - William Karlsson wins face-off versus Mathew Barzal in RENO LIONS zone.
6:26 of 3rd period - Icing by Mathew Barzal.
6:27 of 3rd period - Mathew Barzal wins face-off versus Tomas Nosek in SALEM BLACK JAYS zone.
6:27 of 3rd period - Mathew Barzal is hit by Leo Komarov.
6:34 of 3rd period - Mathew Barzal is hit by Ryan Pulock and loses puck.
7:00 of 3rd period - Off-side.
7:01 of 3rd period - Dylan Larkin wins face-off versus William Karlsson in neutral zone.
7:06 of 3rd period - Shot by Dylan Larkin.
7:06 of 3rd period - Shot Misses the Net.
7:08 of 3rd period - Shot by Matthew Calvert.
7:08 of 3rd period - Stopped by Thomas Greiss with a rebound.
7:10 of 3rd period - Shot by Mikko Rantanen.
7:10 of 3rd period - Stopped by Thomas Greiss without a rebound.
7:11 of 3rd period - Elias Pettersson wins face-off versus Casey Cizikas in RENO LIONS zone.
8:06 of 3rd period - Shot by Mikko Rantanen.
8:06 of 3rd period - Shot Misses the Net.
8:22 of 3rd period - Shot by Dylan Larkin.
8:22 of 3rd period - Stopped by Thomas Greiss without a rebound.
8:23 of 3rd period - Mathew Barzal wins face-off versus Anders Lee in RENO LIONS zone.
8:39 of 3rd period - Shot by Brandon Saad.
8:39 of 3rd period - Stopped by Thomas Greiss without a rebound.
8:40 of 3rd period - Dylan Larkin wins face-off versus Tomas Nosek in RENO LIONS zone.
8:41 of 3rd period - Shot by Mikko Rantanen.
8:41 of 3rd period - Deflect By Dylan Larkin.
8:41 of 3rd period - Goal by Dylan Larkin - SALEM BLACK JAYS : 5 - RENO LIONS : 1.
8:42 of 3rd period - Dylan Larkin wins face-off versus William Karlsson in neutral zone.
9:27 of 3rd period - Shot by Mikko Rantanen.
9:27 of 3rd period - Stopped by Thomas Greiss without a rebound.
9:28 of 3rd period - Elias Pettersson wins face-off versus Mathew Barzal in RENO LIONS zone.
9:32 of 3rd period - Icing by Pierre-Luc Dubois.
9:33 of 3rd period - Mathew Barzal wins face-off versus Elias Pettersson in RENO LIONS zone.
9:39 of 3rd period - Icing by Jacob Trouba.
9:40 of 3rd period - Mathew Barzal wins face-off versus Elias Pettersson in RENO LIONS zone.
11:01 of 3rd period - Minor Penalty to Scott Mayfield for Roughing.
11:02 of 3rd period - Casey Cizikas wins face-off versus William Karlsson in SALEM BLACK JAYS zone.
11:02 of 3rd period - Casey Cizikas is hit by Blake Coleman.
11:44 of 3rd period - Ryan Pulock is hit by Casey Cizikas and loses puck.
12:47 of 3rd period - Cody Ceci is hit by Elias Pettersson and loses puck.
13:47 of 3rd period - Icing by Jason Demers.
13:48 of 3rd period - Mathew Barzal wins face-off versus William Karlsson in SALEM BLACK JAYS zone.
14:14 of 3rd period - Shot by Blake Coleman.
14:14 of 3rd period - Shot Misses the Net.
14:57 of 3rd period - Shot by Vincent Hinostroza.
14:57 of 3rd period - Deflect By Jayce Hawryluk.
14:57 of 3rd period - Shot Misses the Net.
15:38 of 3rd period - Shot by Mikko Rantanen.
15:38 of 3rd period - Goal by Mikko Rantanen - SALEM BLACK JAYS : 6 - RENO LIONS : 1.
15:39 of 3rd period - Casey Cizikas wins face-off versus Elias Pettersson in neutral zone.
15:46 of 3rd period - Shot by Martin Necas.
15:46 of 3rd period - Shot Blocked by Ryan Pulock.
16:17 of 3rd period - Shot by Pierre-Luc Dubois.
16:17 of 3rd period - Shot Misses the Net.
16:49 of 3rd period - Shot by Blake Coleman.
16:49 of 3rd period - Stopped by Elvis Merzlikins with a rebound.
17:14 of 3rd period - Icing by Matthew Calvert.
17:15 of 3rd period - Matthew Calvert wins face-off versus Tomas Nosek in SALEM BLACK JAYS zone.
17:20 of 3rd period - Tomas Nosek is hit by Matthew Calvert and loses puck.
17:37 of 3rd period - Shot by Tomas Nosek.
17:37 of 3rd period - Stopped by Elvis Merzlikins with a rebound.
17:39 of 3rd period - Shot by Oscar Klefbom.
17:39 of 3rd period - Stopped by Elvis Merzlikins without a rebound.
17:40 of 3rd period - Casey Cizikas wins face-off versus Elias Pettersson in SALEM BLACK JAYS zone.
18:15 of 3rd period - Shot by Evgeny Dadonov.
18:15 of 3rd period - Stopped by Elvis Merzlikins without a rebound.
18:16 of 3rd period - William Karlsson wins face-off versus Mathew Barzal in SALEM BLACK JAYS zone.
18:23 of 3rd period - Shot by William Karlsson.
18:23 of 3rd period - Stopped by Elvis Merzlikins without a rebound.
18:24 of 3rd period - William Karlsson wins face-off versus Filip Chytil in SALEM BLACK JAYS zone.
18:25 of 3rd period - Shot by Oscar Klefbom.
18:25 of 3rd period - Shot Blocked by Jason Demers.
18:56 of 3rd period - Shot by Blake Coleman.
18:56 of 3rd period - Deflect By Anders Lee.
18:56 of 3rd period - Shot Blocked by Cody Ceci.
19:01 of 3rd period - Icing by Andreas Athanasiou.
19:02 of 3rd period - Pierre-Luc Dubois wins face-off versus Filip Chytil in SALEM BLACK JAYS zone.
19:29 of 3rd period - Shot by Pierre-Luc Dubois.
19:29 of 3rd period - Shot Blocked by Scott Mayfield.
19:39 of 3rd period - Shot by Dylan Larkin.
19:39 of 3rd period - Shot Misses the Net.
19:47 of 3rd period - Shot by Mikko Rantanen.
19:47 of 3rd period - Shot Blocked by Ryan Pulock.
Goals for this period are 4 for SALEM BLACK JAYS vs 0 for RENO LIONS.
Shots for this period are 14 for SALEM BLACK JAYS vs 6 for RENO LIONS.


JOHNNY
GAUDREAU
MATTHEW
BOLDY
OWEN
TIPPETT

EAST COAST

HOCKEY LEAGUE

  • 29.PIT6MAN7
  • 30.ATL6NHW2
  • 31.WOR4PET3
  • 32.3RHI4
  • 33.CHIQUE
  • 34.LIMCHA
  • 35.LONTRV
  • 36.BALCHW